 Dungeon Crawl Stone Soup version 0.27-a0-1548-gf8a67e7463 (webtiles) character file.

Game seed: 6815655935013893921

2 elagabalus the Skirmisher (level 1, 0/19 HPs)
             Began as a Hill Orc Monk on July 13, 2021.
             Slain by a goblin (1 damage)
             ... on level 1 of the Dungeon.
             The game lasted 00:00:35 (39 turns).

elagabalus the Skirmisher (Hill Orc Monk)             Turns: 39, Time: 00:00:36

Health: 0/19       AC:  2    Str: 13    XL:     1   Next: 40%
Magic:  1/1        EV: 12    Int: 10    God:
Gold:   9          SH:  0    Dex: 13    Spells: 0/0 levels left

rFire    . . .     SeeInvis .   a - +0 falchion
rCold    . . .     Faith    .   (no shield)
rNeg     . . .     Spirit   .   b - +0 robe
rPois    .         Reflect  .   (no helmet)
rElec    .         Harm     .   (no cloak)
rCorr    .         Rampage  .   (no gloves)
Will     .....                  (no boots)
Stlth    ++........             (no amulet)
HPRegen  0.06/turn              (no ring)
MPRegen  0.07/turn              (no ring)

@: no status effects
A: no striking features
a: no special abilities


You were on level 1 of the Dungeon.
You visited 1 branch of the dungeon, and saw 1 of its levels.

You collected 9 gold pieces.

Inventory:

Hand Weapons
 a - a +0 falchion (weapon)
Armour
 b - a +0 robe (worn)


   Skills:
 - Level 3.6 Fighting
 + Level 3.5 Long Blades
 - Level 2.4 Dodging
 - Level 1.5 Stealth


You couldn't memorise any spells.
You didn't know any spells.
Your spell library was empty.

Dungeon Overview and Level Annotations

Branches:
Dungeon (1/15)

Altars:


Message History

The kobold shouts!
The kobold throws a stone.
The stone closely misses you.
There is an open door here.
Found a short sword and 8 gold pieces.
A ball python comes into view.
A goblin comes into view. It is wielding a +0 club.
The kobold throws a stone.
The stone hits you.
There is an open door here.
A ball python comes into view.
The ball python hisses angrily.
The hobgoblin hits you but does no damage.
There is an open door here.
You hit the hobgoblin.
You kill the hobgoblin!
You closely miss the ball python. The ball python bites you.
The ball python grabs you. The ball python constricts you.
You barely miss the ball python. The ball python barely misses you.
The ball python constricts you. The ball python bites you.
The ball python constricts you.
You hit the ball python but do no damage.
The ball python bites you. The ball python constricts you.
You barely miss the ball python. The ball python bites you.
The ball python constricts you.
You closely miss the ball python.
The ball python bites you but does no damage.
The ball python constricts you.
The ball python bites you but does no damage.
The ball python constricts you.
You closely miss the ball python. The ball python closely misses you.
You riposte.
You hit the ball python.
You kill the ball python!
The kobold hits you with a +0 whip.
* * * LOW HITPOINT WARNING * * *
The goblin hits you with a +0 club.
* * * LOW HITPOINT WARNING * * *
You see here a hobgoblin corpse.
You hit the kobold but do no damage. The kobold hits you with a +0 whip.
* * * LOW HITPOINT WARNING * * *
The goblin hits you but does no damage. The goblin hits you with a +0 club.
You die...

###.###
#^#.#D#
###.#####
#D#...#≈#
#####.###
#≈#.#*#
###.##### ##.
#...##.#.....
+.>.'@K......
#...##g......
##### .......
#≈# .......
### .......
)......
.......
.$.....


You could see a shadow dragon, a goblin and a kobold.

Vanquished Creatures
  A ball python (D:1)
  A hobgoblin (D:1)
2 creatures vanquished.

Notes
Turn   | Place    | Note
-------+----------+-------------------------------------------
     0 | D:1      | elagabalus the Hill Orc Monk began the quest for the Orb.
     0 | D:1      | Reached XP level 1. HP: 19/19 MP: 1/1
     0 | D:1      | Noticed a large abomination
     0 | D:1      | Noticed a large abomination
     0 | D:1      | Noticed a tentacled monstrosity
     1 | D:1      | Noticed an iron dragon
     6 | D:1      | Noticed a tentacled monstrosity
     7 | D:1      | Noticed an orb of fire
     8 | D:1      | Noticed a tentacled monstrosity
    11 | D:1      | Noticed a large abomination
    11 | D:1      | Noticed a shadow dragon
    15 | D:1      | Noticed a shadow dragon
    17 | D:1      | Noticed a golden dragon
    19 | D:1      | Noticed a shadow dragon
    19 | D:1      | Noticed an orb of fire
    39 | D:1      | Slain by a goblin

Illustrated notes

Levels and vault maps discovered:
D:1:      shiori_arrival_whats_in_store_for_you, layout_rooms, st_stairs_3

Action                   || total
-------------------------++-------
Melee: Falchion          ||     8
Armor: Robe              ||     4
Dodge: Dodged            ||     3
       Rpst.: Falchion   ||     1

Table legend: (Time is in decaauts)
 A = Elapsed time spent in this place.
 B = Non-inter-level travel time spent in this place.
 C = Inter-level travel time spent in this place.
 D = Time resting spent in this place.
 E = Time spent auto-exploring this place.
 F = Levels seen in this place.
 G = Mean time per level.
                   A        B        C        D        E       F      G
               +--------+--------+--------+--------+--------+-----+--------+
         Total |     39 |     39 |      0 |      0 |      0 |   1 |   39.0 |
       Dungeon |     39 |     39 |      0 |      0 |      0 |   1 |   39.0 |
               +--------+--------+--------+--------+--------+-----+--------+

Top non-repeatable levels by time:
     D:1: 39 daAuts
